 Dungeon Crawl Stone Soup version 0.29-a0-506-ga2e7fffb44 (webtiles) character file.

Game seed: 11313517427608395260

258891 spaghetti the Impaler (level 19, -1/252 HPs)
             Began as a Demonspawn Berserker on May 29, 2022.
             Was the Champion of Trog.
             Slain by a phantasmal warrior (4 damage)
             ... on level 4 of the Vaults.
             The game lasted 01:19:59 (41301 turns).

spaghetti the Impaler (Demonspawn Berserker)       Turns: 41301, Time: 01:20:00

Health: -1/252     AC: 41    Str: 18    XL:     19   Next: 51%
Magic:  35/35      EV:  9    Int: 13    God:    Trog [******]
Gold:   550        SH:  0    Dex: 23    Spells: 18/18 levels left

rFire   + + .      SeeInvis +   a - +10 bardiche of Indignation {vorpal, Fly rC+, polearm}
rCold   + + +      Faith    +   (shield currently unavailable)
rNeg    . . .      Spirit   .   Y - +5 gold dragon scales {rare}
rPois   +          Reflect  .   o - +2 helmet of Impermeability {rC+ Dex+4}
rElec   .          Harm     .   (cloak unavailable)
rCorr   .          Rampage  .   j - +2 pair of gloves
Will    .....                   V - +4 pair of boots "Kiypyd" {Dex+4 SInv}
Stlth   ..........              m - amulet of faith {!P}
HPRegen 1.52/turn               i - ring of Rochiys {MP+9 Str-4 Int+6 Slay+4}
MPRegen 0.24/turn               G - ring of Uskah {rF+ rC+ MP+9 Int-3}

@: berserking, weak-willed, flying, studying Stealth, very quick
A: ignite blood 2, powered by death 2, sharp scales 2, bedeviling, weakness
stinger 3, talons 1, low MP 1, mutation resistance 1, passive freeze
}: 1/15 runes: barnacled
a: Renounce Religion, Berserk, Trog's Hand, Brothers in Arms


You were on level 4 of the Vaults.
You worshipped Trog.
Trog was exalted by your worship.
You visited 6 branches of the dungeon, and saw 34 of its levels.
You visited the Abyss 2 times.
You also visited: Ossuary.

You collected 3269 gold pieces.
You spent 2719 gold pieces at shops.


Innate Abilities, Weirdness & Mutations

Your demonic aura often causes spilled blood to erupt in flames.
You regenerate health from kills.
You are mostly covered in razor-sharp scales. (AC +2, Slay +2)
Your hexes are more powerful.
You have a sharp stinger which inflicts weakening toxins.
You have sharp toenails.
Your magical capacity is low. (-10% MP)
You are somewhat resistant to further mutation.
A frigid envelope surrounds you and freezes all who hurt you.


   Skills:
 + Level 19.9 Fighting
 - Level 2.6(13.5) Axes
 * Level 20.1(20.2) Polearms
 - Level 8.0 Throwing
 + Level 16.6 Armour
 - Level 11.4 Dodging


You had 18 spell levels left.
You didn't know any spells.
Your spell library contained the following spells:

 Spells                   Type           Power      Damage    Failure   Level
 Apportation              Tloc           0%         N/A       100%        1
 Magic Dart               Conj           0%         1d3       100%        1
 Necrotize                Necr           0%         1d4       100%        1
 Shock                    Conj/Air       0%         1d3       100%        1
 Call Imp                 Summ           0%         N/A       100%        2
 Ensorcelled Hibernation  Hex/Ice        0%         N/A       100%        2
 Call Canine Familiar     Summ           0%         N/A       100%        3
 Confusing Touch          Hex            0%         N/A       100%        3
 Gell's Gravitas          Tloc           0%         N/A       100%        3
 Inner Flame              Hex/Fire       0%         N/A       100%        3
 Lesser Beckoning         Tloc           0%         N/A       100%        3
 Mephitic Cloud           Conj/Pois/Air  0%         N/A       100%        3
 Ozocubu's Armour         Ice            0%         N/A       100%        3
 Portal Projectile        Hex/Tloc       0%         N/A       100%        3
 Spider Form              Tmut/Pois      0%         N/A       100%        3
 Swiftness                Air            0%         N/A       100%        3
 Teleport Other           Tloc           0%         N/A       100%        3
 Tukima's Dance           Hex            0%         N/A       100%        3
 Vampiric Draining        Necr           0%         2d6       100%        3
 Airstrike                Air            0%         N/A       100%        4
 Anguish                  Hex/Necr       0%         N/A       100%        4
 Animate Armour           Summ/Erth      0%         N/A       100%        4
 Cause Fear               Hex            0%         N/A       100%        4
 Corpse Rot               Necr/Pois/Air  0%         N/A       100%        4
 Dispel Undead            Necr           0%         3d6       100%        4
 Flame Wave               Conj/Fire      0%         2d4       100%        4
 Leda's Liquefaction      Hex/Erth       0%         N/A       100%        4
 Passage of Golubria      Tloc           0%         N/A       100%        4
 Petrify                  Tmut/Erth      0%         N/A       100%        4
 Summon Ice Beast         Ice/Summ       0%         N/A       100%        4
 Summon Lightning Spire   Summ/Air       0%         N/A       100%        4
 Agony                    Necr           0%         N/A       100%        5
 Alistair's Intoxication  Tmut/Pois      0%         N/A       100%        5
 Fireball                 Conj/Fire      0%         3d3       100%        5
 Lightning Bolt           Conj/Air       0%         1d11      100%        5
 Metabolic Englaciation   Hex/Ice        0%         N/A       100%        5
 Summon Mana Viper        Hex/Summ       0%         N/A       100%        5
 Yara's Violent Unravell  Hex/Tmut       0%         3d3       100%        5
 Death Channel            Necr           0%         N/A       100%        6
 Statue Form              Tmut/Erth      0%         N/A       100%        6
 Enfeeble                 Hex            0%         N/A       100%        7
 Monstrous Menagerie      Summ           0%         N/A       100%        7
 Ozocubu's Refrigeration  Ice            0%         4d5       100%        7
 Discord                  Hex            0%         N/A       100%        8

Inventory:

Hand Weapons
 a - the +10 bardiche of Indignation (weapon) {vorpal, Fly rC+, polearm}
   (Trog gifted it to you on level 9 of the Dungeon)

   It inflicts extra damage upon your enemies.
   rC:        It protects you from cold.
   Fly:       It grants you flight.
 D - the +8 arbalest of Broken Luck {penet, rF+ Will+, crossbow}
   (You found it on level 1 of the Elven Halls)

   Any ammunition fired by it passes through the targets it hits, potentially
   hitting all targets in its path until it reaches maximum range.
   rF:        It protects you from fire.
   Will:      It increases your willpower.
Missiles
 e - 1140 stones (quivered) {throwing}
 n - 30 boomerangs {throwing}
 q - 3 curare-tipped darts {=fthrowing}
 r - 48 poisoned darts {throwing}
 z - 5 silver javelins {throwing}
 C - 18 javelins {throwing}
 F - 8 boomerangs of dispersal {=f!fthrowing}
Armour
 j - a +2 pair of gloves (worn)
   (You bought it in a shop on level 12 of the Dungeon)
 o - the +2 helmet of Impermeability (worn) {rC+ Dex+4}
   (You found it on level 6 of the Lair of Beasts)

   Dex:       It affects your dexterity (+4).
   rC:        It protects you from cold.
 p - the +1 pair of boots of the Tired Allies {rElec}
   (You acquired it on level 3 of the Shoals)

   rElec:     It insulates you from electricity.
 V - the +4 pair of boots "Kiypyd" (worn) {Dex+4 SInv}
   (You acquired it on level 6 of the Lair of Beasts)

   Dex:       It affects your dexterity (+4).
   SInv:      It lets you see invisible.
 Y - +5 gold dragon scales (worn) {rare}
   (You bought it in a shop on level 12 of the Dungeon)
Jewellery
 h - the ring of Leythaur {rPois rF+ Will+ Str-5 SInv}
   (You took it off an orc priest on level 5 of the Dungeon)

   [ring of willpower]

   Str:       It affects your strength (-5).
   rF:        It protects you from fire.
   rPois:     It protects you from poison.
   SInv:      It lets you see invisible.
   Will:      It increases your willpower.
 i - the ring of Rochiys (left hand) {MP+9 Str-4 Int+6 Slay+4}
   (You bought it in a shop on level 2 of the Orcish Mines)

   [ring of intelligence]

   Str:       It affects your strength (-4).
   Int:       It affects your intelligence (+6).
   Slay:      It affects your accuracy & damage with ranged weapons and melee
   (+4).
   MP:        It affects your magic capacity (+9).
 m - an amulet of faith (around neck) {!P}
   (You found it on level 2 of the Dungeon)
 x - a ring of see invisible
   (You found it on level 1 of the Lair of Beasts)
 G - the ring of Uskah (right hand) {rF+ rC+ MP+9 Int-3}
   (You acquired it on level 6 of the Lair of Beasts)

   [ring of protection from cold]

   Int:       It affects your intelligence (-3).
   rF:        It protects you from fire.
   rC:        It protects you from cold.
   MP:        It affects your magic capacity (+9).
 H - an amulet of magic regeneration {@e2}
   (You found it on level 15 of the Dungeon)
 K - a ring of willpower
   (You took it off a merfolk on level 1 of the Shoals)
Wands
 t - a wand of flame (90)
   (You took it off Robin on level 3 of the Dungeon)
 v - a wand of mindburst (17)
   (You found it on level 9 of the Dungeon)
 A - a wand of polymorph (21)
   (You found it on level 4 of the Dungeon)
 S - a wand of acid (20)
   (You found it on level 7 of the Dungeon)
 U - a wand of digging (3)
   (You found it on level 8 of the Dungeon)
 W - a wand of iceblast (24)
   (You took it off Erica on level 8 of the Dungeon)
Scrolls
 b - 19 scrolls of identify {@r1}
 c - 2 scrolls of fear
 f - 4 scrolls of brand weapon
 k - 4 scrolls of immolation {!r!r}
 l - 7 scrolls of magic mapping {!r}
 s - 9 scrolls of teleportation {@r4}
 y - a scroll of fog
 B - 4 scrolls of blinking {!r}
 L - 5 scrolls of vulnerability {!r!r}
 O - 6 scrolls of enchant weapon
 P - 4 scrolls of poison {!r}
Potions
 g - 20 potions of curing {@q1}
 u - 7 potions of lignification {!q}
 w - 8 potions of mutation {!q}
 E - 3 potions of might
 I - 2 potions of haste {@q3}
 J - 5 potions of heal wounds {@q2}
 M - 2 potions of ambrosia
 N - 2 potions of resistance
 Q - 3 potions of attraction {!q}
 R - a potion of magic
 T - 2 potions of berserk rage {!q}
 Z - 4 potions of invisibility
Miscellaneous
 d - a box of beasts
   (You found it on level 6 of the Lair of Beasts)
 X - a condenser vane
   (You found it on level 9 of the Dungeon)

Dungeon Overview and Level Annotations

Branches:
Dungeon (15/15)            Temple (0/1) D:4            Lair (6/6) D:10
 Shoals (4/4) Lair:3        Snake (0/4) Lair:4        Slime (0/5) Lair:5
    Orc (2/2) D:12            Elf (3/3) Orc:2        Vaults (4/5) D:14
  Crypt (0/3) Vaults:3     Depths (0/4) D:15        Ossuary (visited)

Altars:
Ashenzari
Elyvilon
Gozag
Kikubaaqudgha
Makhleb
Nemelex Xobeh
Okawaru
Xom
Yredelemnul
Beogh
Jiyva

Shops:
D:2 !   D:12 *   D:13 =([=(   Orc:2 !(*=[   Elf:1 [(   Elf:3 *   Shoals:3 (*
Vaults:3 *

Portals:
Trove: Vaults:3 (give 17 scrolls of teleportation)

Annotations:
D:10 3 runed translucent doors, quokkamancerX's ghost, novice GnVM
D:13 1 exclusion
Lair:2 1 exclusion
Lair:3 2 runed translucent doors, Dymuschiq's ghost, journeyman MfGl
Lair:6 1 exclusion
Elf:2 4 runed translucent doors, jfcaron's ghost, adept GnAr

###.........#........#
..#.........#........#
..#.........#........#
..#.........#........#
..###########........#
... .............#
..## ######.).....#
#.§W☼...# #°☼@....#
#○oo☼...# #.......#
#.......# #.......#
#.......# #.......#
........#


You could see an orc warlord (strong), an orc knight (strong, weak) and a
phantasmal warrior.


Message History

The orc knight shoots a bolt.
The bolt closely misses you.
You hear a shout!
Things that are here:
a +0 long sword {long}; a +0 chain mail The orc knight unwields a +0 arbalest.
The orc knight wields a +0 battleaxe.
The orc knight hits you with a +0 battleaxe!
The orc knight is very cold. 😕 HP[-15]
You take 15 damage, and now have 153/168 hp.
You barely miss the orc knight. The phantasmal warrior gestures at you.
The phantasmal warrior blinks!
The orc knight hits you with a +0 battleaxe!!
The orc knight is very cold. 😕 HP[-19]
You take 19 damage, and now have 134/168 hp.
You open the orc knight like a pillowcase!!!
An orc knight comes into view. It is wielding a +0 battleaxe.
The orc knight is engulfed in blazing flames.
The orc knight hits you with a +3 war axe of freezing!!
The orc knight freezes you.
The orc knight is very cold.
The orc knight is engulfed in blazing flames.
You kill the orc knight!
Trog accepts your kill. 😮 HP[-22]
You take 22 damage, and now have 112/168 hp.
The orc knight barely misses you.
Things that are here:
a +0 battleaxe {axe}; a +0 arbalest {crossbow}; a +0 chain mail 😮 HP[+1]
You barely miss the orc warlord.
The orc warlord hits you but does no damage.
The orc warlord is very cold.
The phantasmal warrior hits you but does no damage.
The phantasmal warrior resists.
The phantasmal warrior is very cold.
The orc knight is engulfed in blazing flames.
The orc knight hits you with a +3 war axe of freezing!
The orc knight is very cold. 😮 HP[-12]
You take 12 damage, and now have 101/168 hp.
You barely miss the orc warlord. The orc warlord barely misses you.
The phantasmal warrior hits you but does no damage.
The phantasmal warrior resists.
The phantasmal warrior is very cold.
The orc knight is engulfed in blazing flames.
The orc knight hits you with a +3 war axe of freezing!
The orc knight is very cold. 😮 HP[-13]
You take 13 damage, and now have 88/168 hp.
You hit the orc warlord. The phantasmal warrior hits you.
Your willpower is stripped away!
The phantasmal warrior resists.
The phantasmal warrior is very cold.
The orc warlord hits you with a +0 battleaxe!!!
* * * LOW HITPOINT WARNING * * *
The orc warlord is very cold.
The orc knight is engulfed in blazing flames.
The orc knight hits you with a +3 war axe of freezing!
* * * LOW HITPOINT WARNING * * *
The orc knight is very cold. 😱 HP[-56]
You take 56 damage, and now have 32/168 hp.
MASSIVE DAMAGE!! (PAUSE) Unknown command.
A red film seems to cover your vision as you go berserk!
You feel yourself moving faster!
You feel mighty!
The phantasmal warrior is engulfed in blazing flames.
The phantasmal warrior hits you but does no damage.
The phantasmal warrior resists.
The phantasmal warrior is very cold.
The orc knight hits you with a +3 war axe of freezing!
* * * LOW HITPOINT WARNING * * *
The orc knight is very cold.
You feel the power of Trog in you as your rage grows.
You kill the orc knight!
Trog accepts your kill.
The orc warlord hits you with a +0 battleaxe!
* * * LOW HITPOINT WARNING * * *
The orc warlord is very cold. 😱 HP[-13]
You now have 252 max hp (+84).
You feel a strong urge to attack something.
Things that are here:
a +3 war axe of freezing {axe}; a +0 plate armour 😱 HP[+1]
You slice the orc knight!!
The orc knight is engulfed in blazing flames.
The orc knight closely misses you. The orc warlord barely misses you.
The phantasmal warrior is engulfed in blazing flames.
The phantasmal warrior hits you but does no damage.
The phantasmal warrior resists.
The phantasmal warrior is very cold. 😱 HP[+1]
You closely miss the orc knight. You tail-slap the orc knight!
The orc knight looks weaker.
The orc knight is engulfed in blazing flames.
The orc knight hits you but does no damage.
The orc knight is very cold.
The orc warlord hits you with a +0 battleaxe!!
* * * LOW HITPOINT WARNING * * *
The orc warlord is very cold.
The phantasmal warrior is engulfed in blazing flames.
The phantasmal warrior hits you.
You die...

Skill      XL: |  1  2  3  4  5  6  7  8  9 10 11 12 13 14 15 16 17 18 19 |
---------------+----------------------------------------------------------+-----
Armour         | 2 3 4 5 7 8 9 10 11 12 13 14 15 16 | 16.6
Throwing       | 1 2 3 5 6 7 8 |  8.0
Dodging        | 2 3 4 5 6 7 8 9 10 11 | 11.4
Fighting       | 4 5 6 7 9 10 11 12 14 16 17 18 19 | 19.9
Polearms       | 5 8 10 12 14 16 17 19 20 | 20.1
Axes           | |  2.6

Action                   |  1- 3 |  4- 6 |  7- 9 | 10-12 | 13-15 | 16-18 | 19-21 || total
-------------------------+-------+-------+-------+-------+-------+-------+-------++-------
Melee: Hand axe          |    89 |    83 |   196 |   344 |   894 |   336 |       ||  1942
       Tailslap          |    10 |    10 |    29 |    53 |   207 |   291 |    37 ||   637
       Headbutt          |     5 |    10 |    45 |    67 |       |       |       ||   127
       Double sword      |       |       |    87 |       |       |       |       ||    87
       Kick              |       |       |       |    21 |    39 |       |       ||    60
       Bardiche          |       |       |       |       |       |  1034 |   171 ||  1205
Throw: Stone             |    33 |     1 |    34 |    53 |       |     2 |       ||   123
       Javelin           |       |       |       |       |       |     2 |       ||     2
Invok: Berserk           |     3 |     2 |     6 |     6 |     8 |    13 |     2 ||    40
       Trog's Hand       |       |     1 |     1 |     3 |     5 |    15 |     1 ||    26
       Brothers in Arms  |       |       |       |     3 |     3 |     9 |       ||    15
  Use: Potion            |     1 |       |       |     3 |     1 |     9 |       ||    14
       Scroll            |       |       |    12 |    14 |    13 |    16 |     1 ||    56
 Stab: Petrified         |       |       |       |       |     9 |       |       ||     9
       Fleeing           |       |       |       |       |       |     1 |       ||     1
Armor: Animal skin       |     5 |       |       |       |       |       |       ||     5
       Plate armour      |    20 |       |       |       |       |       |       ||    20
       Ice dragon scales |     8 |    44 |   129 |   173 |   194 |       |       ||   548
       Gold dragon scale |       |       |       |       |   340 |  1208 |   126 ||  1674
Dodge: Dodged            |    32 |    40 |   156 |   236 |   425 |   603 |    66 ||  1558
Block: Buckler           |     6 |    14 |    54 |    57 |   144 |    52 |       ||   327

Levels and vault maps discovered:
D:1:      wheals_arrival_shading, layout_loops_ring,
          shapermc_ecumenical_altar_ellora
D:2:      layout_rooms, serial_shops, shop
D:3:      cheibrodos_greedy_goblins, layout_rooms, kiku_gazebo_garden_becter,
          grunt_decor_arrowhead, uniq_robin, uniq_sigmund, uniq_terence
D:4:      old_forge, layout_loops_cross, minmay_temple_entry_gardened_gates,
          uniq_edmund, uniq_grinder
D:5:      layout_loops_ring, hex_medium, glass_columns_a, grunt_decor_cap
D:6:      layout_basic, uniq_maggie
D:7:      kennysheep_seaside_town, layout_basic, enter_ossuary_5
D:8:      layout_gridville, uniq_erica, uniq_pikel
D:9:      layout_rooms
D:10:     layout_basic, grunt_lair_entry_orc_guard_hut, ebering_ghost_gozag
D:11:     layout_basic, uniq_snorg
D:12:     layout_cave_pods, orc_0_dummy, minmay_tree_intersection,
          nicolae_alphabet_shops
D:13:     layout_gridville, serial_shops, shop, shop, shop, shop_fountains,
          nicolae_shop_bloodbath_and_beyond, ashenzari_conservatory_becter,
          uniq_maurice, uniq_lodul, uniq_sonja
D:14:     layout_long_grid, grunt_vaults_entry_tiered,
          ebering_dispersal_statue_hall, doesnt_xom_only_xom
D:15:     hangedman_depths_entry_try_elsewhere_first, layout_basic,
          okawaru_gym_becter, uniq_jorgrun
Lair:1:   layout_regular_city, gauntlet_entry_generic, uniq_joseph, uniq_fannar
Lair:2:   layout_cave_pods, infiniplex_staircase_pool_2, uniq_urug,
          uniq_gastronok, uniq_nergalle
Lair:3:   layout_chaotic_city, minmay_shoals_entry_hut,
          ebering_ghost_disaster_area
Lair:4:   layout_cave_pods, guppyfry_snake_entry_island
Lair:5:   layout_layer_cave, dpeg_slime_entry_enclosed_altar, basic_altar,
          grunt_megastairs_5
Lair:6:   due_jungle_book, layout_gridlike, lemuel_fruit_tree,
          grunt_megastairs_2, lemuel_fruit_fields
Shoals:1: layout_shoals
Shoals:2: layout_shoals, ebering_ghost_reflecting_pool,
          nicolae_shoals_water_shrine
Shoals:3: layout_shoals, serial_shops, shop, nicolae_shop_overgrown_old_shop
Shoals:4: shoals_end_grunt_ice, layout_shoals
Orc:1:    layout_caves, basic_altar, hangedman_minor_magic
Orc:2:    grunt_orc_gardens, layout_caves, grunt_orc_garden, grunt_orc_garden,
          grunt_orc_garden, grunt_orc_garden, basic_altar,
          guppyfry_orc_lava_fort
Elf:1:    elf_arrival_002, layout_geoelf_diagonals,
          hangedman_elven_crosses_minicolossus, minmay_shoptagon
Elf:2:    nicolae_elf_blades_crystal_corner, layout_geoelf_grid,
          hellmonk_ghost_happy_afterlife, chequers_hall_statues_wall_a,
          grunt_ministairs_2, palyth_stone_intersect, minivault_16
Elf:3:    elf_hall, layout_geoelf_diagonals, serial_shops, nicolae_square_shop
Vaults:1: ontoclasm_vaults_hangar, hangedman_vaults_unwind, v_misc_14,
          nicolae_vaults_circle_grid_a, v_pattern_5, grunt_vaults_funnel,
          hangedman_vaults_nails, ontoclasm_vaults_gateway,
          nicolae_vaults_specimen_jars, layout_vaults_omnigrid
Vaults:2: hangedman_vaults_impose, v_rooms_1, v_rooms_2, v_misc_14,
          nicolae_vaults_display_case, nicolae_vaults_windows_and_doors_thing,
          vaults_mumra_chevron, grunt_vaults_trifunnel, vaults_room_fours,
          layout_vaults_omnibox
Vaults:3: nicolae_vaults_branching_niches, v_alt_pattern_3,
          nicolae_vaults_three_branches, v_misc_3, nicolae_vaults_big_ls,
          grunt_vaults_hallway_short, minmay_crypt_entry_simple_box,
          dpeg_vaults_monster_box, nicolae_vaults_yaktaur_gun_rack,
          nicolae_vaults_little_squares_4, vaults_room_fours,
          layout_vaults_omnicross, serial_shops, shop,
          nicolae_trove_entry_crossroad
Vaults:4: ontoclasm_vaults_chip, grunt_vaults_focal,
          nicolae_vaults_circle_grid_b, vaults_room_fours, v_misc_19,
          hangedman_vaults_maws, layout_vaults_chaotic_city

Notes
Turn   | Place    | Note
-------+----------+-------------------------------------------
     0 | D:1      | spaghetti the Demonspawn Berserker began the quest for the
                  | Orb.
     0 | D:1      | Reached XP level 1. HP: 18/18 MP: 1/1
     0 | D:1      | magus.rc [v1.9.6]
   104 | D:1      | Reached skill level 2 in Armour
   329 | D:1      | You add the spells Tukima's Dance, Passage of Golubria and
                  | Yara's Violent Unravelling to your library.
   337 | D:1      | Gained mutation: You have a small tail. [demonic ancestry]
   337 | D:1      | Reached XP level 2. HP: 21/24 MP: 2/2
   625 | D:1      | Found a faded altar of an unknown god.
   883 | D:1      | You pick up a book of the Hunter {forbidden} and begin
                  | reading...
   883 | D:1      | You add the spells Call Canine Familiar, Portal Projectile
                  | and Leda's Liquefaction to your library.
  1131 | D:2      | HP: 9/36 [adder (2)]
  1405 | D:2      | HP: 4/24 [worm (6)]
  1408 | D:2      | Reached XP level 3. HP: 4/29 MP: 3/3
  1990 | D:2      | Found Uromomig's Distillery.
  1995 | D:2      | Bought a potion of mutation for 96 gold pieces
  1995 | D:2      | Gained mutation: You have a pair of small horns on your
                  | head. [potion of mutation]
  1995 | D:2      | Gained mutation: You are agile. (Dex +2) [potion of
                  | mutation]
  2034 | D:3      | Reached skill level 1 in Throwing
  2116 | D:3      | Noticed Robin
  2118 | D:3      | Reached ** piety under Trog
  2126 | D:3      | Killed Robin
  2127 | D:3      | Gained mutation: You are partially covered in razor-sharp
                  | scales. (AC +1, Slay +1) [demonic ancestry]
  2127 | D:3      | Reached XP level 4. HP: 37/37 MP: 4/4
  2129 | D:3      | Reached skill level 2 in Dodging
  2318 | D:3      | Found an ancient bone altar of Kikubaaqudgha.
  2458 | D:3      | Reached skill level 4 in Fighting
  2464 | D:3      | Reached skill level 3 in Armour
  2487 | D:3      | Reached XP level 5. HP: 38/42 MP: 5/5
  2532 | D:3      | Noticed Terence
  2544 | D:3      | Killed Terence
  2640 | D:3      | Noticed Sigmund
  2650 | D:3      | Killed Sigmund
  2651 | D:3      | Reached skill level 2 in Throwing
  2651 | D:3      | Gained mutation: You regenerate a little health from kills.
                  | [demonic ancestry]
  2651 | D:3      | Reached XP level 6. HP: 49/49 MP: 6/6
  2702 | D:3      | Reached skill level 3 in Dodging
  2995 | D:4      | Noticed Grinder
  2998 | D:4      | Paralysed by Grinder for 4 turns
  3015 | D:4      | Paralysed by Grinder for 2 turns
  3016 | D:4      | Killed Grinder
  3017 | D:4      | Reached skill level 3 in Throwing
  3017 | D:4      | Reached skill level 4 in Armour
  3017 | D:4      | Reached XP level 7. HP: 49/55 MP: 7/7
  3103 | D:4      | Reached skill level 5 in Fighting
  3216 | D:4      | Reached *** piety under Trog
  3266 | D:4      | Found a staircase to the Ecumenical Temple.
  3355 | D:4      | Noticed Edmund
  3366 | D:4      | Killed Edmund
  3567 | D:4      | Reached skill level 4 in Dodging
  3599 | D:4      | Gained mutation: Your demonic aura sometimes causes spilled
                  | blood to erupt in flames. [demonic ancestry]
  3599 | D:4      | Reached XP level 8. HP: 64/64 MP: 8/8
  3618 | D:4      | Reached skill level 4 in Throwing
  3638 | D:4      | Found the +7 Singing Sword {vorpal, sonic wave}
  3799 | D:5      | Entered Level 5 of the Dungeon
  3970 | D:5      | You pick up a book of Party Tricks {forbidden} and begin
                  | reading...
  3970 | D:5      | You add the spells Apportation and Alistair's Intoxication
                  | to your library.
  3982 | D:5      | Reached skill level 6 in Fighting
  3982 | D:5      | Reached skill level 5 in Armour
  4063 | D:5      | Identified the +1 robe of Music {*Corrode Int+5 Dex+6}
  4277 | D:5      | Noticed a hornet
  4281 | D:5      | Paralysed by a hornet for 1 turns
  4286 | D:5      | Killed a hornet
  4287 | D:5      | Reached skill level 5 in Dodging
  4554 | D:5      | Identified the ring of Leythaur {rPois rF+ Will+ Str-5
                  | SInv}
  4662 | D:5      | Reached skill level 5 in Throwing
  4709 | D:5      | Gained mutation: You regenerate health from kills. [demonic
                  | ancestry]
  4709 | D:5      | Reached XP level 9. HP: 66/71 MP: 9/9
  4837 | D:6      | Noticed Maggie
  4843 | D:6      | Reached **** piety under Trog
  4851 | D:6      | Killed Maggie
  4852 | D:6      | Reached skill level 7 in Fighting
  4852 | D:6      | Reached skill level 6 in Armour
  5109 | D:6      | You pick up a book of Decay {forbidden} and begin
                  | reading...
  5109 | D:6      | You add the spells Corpse Rot, Dispel Undead and Death
                  | Channel to your library.
  5192 | D:6      | You pick up a book of Hexes {forbidden} and begin
                  | reading...
  5192 | D:6      | You add the spells Inner Flame, Cause Fear and Discord to
                  | your library.
  5243 | D:6      | Reached skill level 6 in Dodging
  5723 | D:6      | Identified the +10 hand axe of Cheese {elec, Fragile rF+
                  | rCorr}
  5898 | D:7      | Reached skill level 6 in Throwing
  5995 | D:7      | Noticed a troll
  6011 | D:7      | Found a sand-covered staircase.
  6015 | Ossuary  | Entered an ossuary
  6173 | Ossuary  | Reached ***** piety under Trog
  6341 | D:7      | Killed a troll
  6725 | D:7      | Reached skill level 7 in Armour
  6725 | D:7      | Gained mutation: You are mostly covered in razor-sharp
                  | scales. (AC +2, Slay +2) [demonic ancestry]
  6725 | D:7      | Reached XP level 10. HP: 80/80 MP: 10/10
  6727 | D:7      | Reached skill level 8 in Fighting
  6908 | D:7      | You add the spells Ozocubu's Armour and Ozocubu's
                  | Refrigeration to your library.
  6958 | D:7      | Received a gift from Trog
  7387 | D:8      | Noticed Pikel
  7395 | D:8      | Killed Pikel
  7396 | D:8      | Reached skill level 7 in Dodging
  7534 | D:8      | Reached skill level 7 in Throwing
  7565 | D:8      | Identified the +6 falchion of Grontol {venom, rC+ rN+ Int-5
                  | Dex+2}
  7725 | D:8      | Noticed Erica
  7731 | D:8      | Killed Erica
  7981 | D:9      | Reached skill level 9 in Fighting
  7986 | D:9      | Reached skill level 8 in Armour
  7993 | D:9      | Gained mutation: You have a tail ending in a sharp stinger.
                  | [demonic ancestry]
  7993 | D:9      | Reached XP level 11. HP: 89/89 MP: 11/11
  7998 | D:9      | Reached skill level 8 in Dodging
  8026 | D:9      | You pick up a book of Maledictions {forbidden} and begin
                  | reading...
  8026 | D:9      | You add the spells Anguish and Enfeeble to your library.
  8191 | D:9      | Identified the +10 bardiche of Indignation {vorpal, Fly
                  | rC+} (Trog gifted it to you on level 9 of the Dungeon)
  8191 | D:9      | Received a gift from Trog
  8332 | D:9      | Noticed a two-headed ogre
  8337 | D:9      | Killed a two-headed ogre
  8338 | D:9      | Reached skill level 1 in Polearms
  8684 | D:10     | Entered Level 10 of the Dungeon
  8796 | D:10     | Found a runed translucent gate.
  8797 | D:10     | Found a runed translucent gate.
  8798 | D:10     | Found a runed translucent gate.
  8799 | D:10     | Found an opulent altar of Gozag.
  8799 | D:10     | Noticed a white ugly thing
  8799 | D:10     | Noticed quokkamancerX's ghost (novice GnVM)
  8800 | D:10     | Noticed a deep elf knight
  8861 | D:10     | Noticed a two-headed ogre
  8867 | D:10     | Killed a two-headed ogre
  8868 | D:10     | Reached skill level 2 in Polearms
  8868 | D:10     | Reached skill level 8 in Throwing
  9357 | D:10     | Reached skill level 3 in Polearms
  9508 | D:10     | Found a staircase to the Lair.
  9858 | Lair:1   | Entered Level 1 of the Lair of Beasts
  9873 | Lair:1   | HP: 22/90 [poisoned by a black mamba]
 10293 | Lair:1   | You add the spells Flame Wave, Animate Armour and Fireball
                  | to your library.
 10293 | Lair:1   | Got Zetuas's Guide on Illusion and Heat {forbidden}
 10338 | Lair:1   | You pick up a book of Misfortune {forbidden} and begin
                  | reading...
 10341 | Lair:1   | Noticed Fannar
 10359 | Lair:1   | Killed Fannar
 10469 | Lair:1   | Reached skill level 4 in Polearms
 10694 | Lair:1   | You pick up a book of Beasts {forbidden} and begin
                  | reading...
 10694 | Lair:1   | You add the spells Summon Ice Beast, Summon Mana Viper and
                  | Monstrous Menagerie to your library.
 10791 | Lair:1   | Noticed Joseph
 10800 | Lair:1   | Killed Joseph
 10801 | Lair:1   | Reached skill level 10 in Fighting
 11041 | Lair:2   | Noticed Gastronok
 11041 | Lair:2   | Noticed Nergalle
 11169 | Lair:1   | Reached skill level 9 in Armour
 11367 | Lair:2   | Killed Gastronok
 11368 | Lair:2   | Reached skill level 5 in Polearms
 11371 | Lair:2   | Killed Nergalle
 11372 | Lair:2   | Gained mutation: You have a sharp stinger which inflicts
                  | weakening toxins. [demonic ancestry]
 11372 | Lair:2   | Reached XP level 12. HP: 97/97 MP: 12/12
 11439 | Lair:2   | Reached skill level 9 in Dodging
 11455 | Lair:2   | Noticed Urug
 11462 | Lair:2   | Reached skill level 6 in Polearms
 11469 | Lair:2   | Killed Urug
 11472 | Lair:2   | Received a gift from Trog
 11498 | Lair:2   | Reached skill level 7 in Polearms
 11940 | Lair:2   | Noticed a five-headed hydra
 11953 | Lair:2   | Killed a ten-headed hydra
 12519 | Lair:3   | Found a large runed translucent door.
 12519 | Lair:3   | Found a large runed translucent door.
 12544 | Lair:3   | You pick up a book of Sloth {forbidden} and begin
                  | reading...
 12544 | Lair:3   | You add the spells Petrify, Metabolic Englaciation and
                  | Statue Form to your library.
 12672 | Lair:3   | Lost mutation: You are agile. (Dex +2) [potion of mutation]
 12672 | Lair:3   | Lost mutation: You have a pair of small horns on your head.
                  | [potion of mutation]
 12672 | Lair:3   | Gained mutation: You have a pair of small horns on your
                  | head. [potion of mutation]
 12672 | Lair:3   | Gained mutation: Your magical capacity is low. (-10% MP)
                  | [potion of mutation]
 12672 | Lair:3   | Gained mutation: You expend magic power (3 MP) to
                  | strengthen your wands. [potion of mutation]
 12673 | Lair:3   | Lost mutation: You have a pair of small horns on your head.
                  | [potion of mutation]
 12673 | Lair:3   | Lost mutation: You expend magic power (3 MP) to strengthen
                  | your wands. [potion of mutation]
 12673 | Lair:3   | Lost mutation: Your magical capacity is low. (-10% MP)
                  | [potion of mutation]
 12673 | Lair:3   | Gained mutation: You are agile. (Dex +2) [potion of
                  | mutation]
 12673 | Lair:3   | Gained mutation: You expend magic power (3 MP) to
                  | strengthen your wands. [potion of mutation]
 12674 | Lair:3   | Lost mutation: You expend magic power (3 MP) to strengthen
                  | your wands. [potion of mutation]
 12674 | Lair:3   | Lost mutation: You are agile. (Dex +2) [potion of mutation]
 12674 | Lair:3   | Gained mutation: Your magical capacity is low. (-10% MP)
                  | [potion of mutation]
 12674 | Lair:3   | Gained mutation: A frigid envelope surrounds you and
                  | freezes all who hurt you. [potion of mutation]
 12674 | Lair:3   | Gained mutation: You have sharp toenails. [potion of
                  | mutation]
 12674 | Lair:3   | Gained mutation: You are somewhat resistant to further
                  | mutation. [potion of mutation]
 12733 | Lair:3   | Found a staircase to the Shoals.
 12823 | Lair:3   | Reached skill level 11 in Fighting
 13082 | Lair:3   | Noticed Dymuschiq's ghost (journeyman MfGl)
 13250 | Lair:4   | Found a staircase to the Snake Pit.
 13353 | Lair:4   | Reached skill level 10 in Armour
 13473 | Lair:4   | Noticed a death yak
 13474 | Lair:4   | Noticed a death yak
 13480 | Lair:4   | Killed a death yak
 13481 | Lair:4   | Reached skill level 8 in Polearms
 13482 | Lair:4   | Killed a death yak
 13605 | Lair:4   | Reached XP level 13. HP: 50/106 MP: 11/11
 13608 | Lair:4   | Reached skill level 10 in Dodging
 14680 | Lair:5   | Found a viscous altar of Jiyva.
 14681 | Lair:5   | Found a staircase to the Slime Pits.
 14874 | Lair:5   | Found a sparkling altar of Nemelex Xobeh.
 15243 | Lair:6   | Entered Level 6 of the Lair of Beasts
 15256 | Lair:6   | Reached skill level 9 in Polearms
 15393 | Lair:6   | Identified 3 scrolls of acquirement
 15413 | Lair:6   | Acquired the ring of Uskah {rF+ rC+ MP+9 Int-3}
 15422 | Lair:6   | Acquired a manual of Fighting
 15424 | Lair:6   | Acquired the +4 pair of boots "Kiypyd" {Dex+4 SInv}
 15630 | Lair:6   | Noticed a dire elephant
 15630 | Lair:6   | Noticed a dire elephant
 15630 | Lair:6   | Noticed a dire elephant
 15630 | Lair:6   | Noticed a dire elephant
 15692 | Lair:6   | Reached skill level 12 in Fighting
 15849 | Lair:6   | Reached skill level 10 in Polearms
 15990 | Lair:6   | Received a gift from Trog
 16372 | Lair:6   | Reached skill level 11 in Armour
 16500 | Lair:6   | Identified the +2 helmet of Impermeability {rC+ Dex+4}
 16551 | Lair:6   | Noticed a dire elephant
 16562 | Lair:6   | Killed a dire elephant
 16563 | Lair:6   | Reached XP level 14. HP: 104/116 MP: 12/12
 16611 | Lair:6   | Reached skill level 11 in Dodging
 17063 | Lair:6   | Reached skill level 13 in Fighting
 17721 | D:11     | Reached skill level 11 in Polearms
 17825 | D:11     | Noticed Snorg
 17833 | D:11     | Killed Snorg
 18782 | D:12     | Found a staircase to the Orcish Mines.
 18836 | D:12     | You pick up a book of Necromancy {forbidden} and begin
                  | reading...
 18836 | D:12     | You add the spells Necrotize, Vampiric Draining and Agony
                  | to your library.
 18878 | D:12     | Found Gluvaxtor's Goods Gallery.
 18916 | D:12     | Bought a +1 pair of gloves for 115 gold pieces
 18922 | D:12     | Bought +0 gold dragon scales for 800 gold pieces
 18922 | D:12     | Y - +0 gold dragon scales {rare}
 18932 | D:12     | You finish putting on your +0 gold dragon scales {rare}.
 18932 | D:12     | your +0 gold dragon scales {rare} glow green for a moment.
 18933 | D:12     | your +1 gold dragon scales {rare} glow green for a moment.
 18934 | D:12     | your +2 gold dragon scales {rare} glow green for a moment.
 18935 | D:12     | your +3 gold dragon scales {rare} glow green for a moment.
 19508 | D:12     | You pick up a book of Air {forbidden} and begin reading...
 19508 | D:12     | You add the spells Shock, Swiftness and Airstrike to your
                  | library.
 19678 | D:13     | Identified the -1 helmet of Woosaiwk {Rampage Will+}
 19690 | D:13     | Found Kuick's Antique Weapon Shop.
 19690 | D:13     | Noticed Sonja
 19708 | D:13     | Killed Sonja
 19714 | D:13     | Reached skill level 14 in Fighting
 19967 | D:13     | Found Gecriasm's Jewellery Shop.
 19975 | D:13     | Reached skill level 12 in Polearms
 19995 | D:13     | Received a gift from Trog
 20008 | D:13     | Found Ashrouteth's Armour Emporium.
 20022 | D:13     | Found a broken altar of Ashenzari.
 20023 | D:13     | Noticed Maurice
 20029 | D:13     | Killed Maurice
 20051 | D:13     | Noticed Lodul
 20060 | D:13     | Found Muvulef's Weapon Shop.
 20183 | D:13     | Killed Lodul
 20319 | D:13     | Reached skill level 12 in Armour
 20357 | D:13     | Found Ijemen's Jewellery Shoppe.
 20566 | Orc:1    | Entered Level 1 of the Orcish Mines
 20674 | Orc:1    | Received a gift from Trog
 20931 | Orc:1    | Gained mutation: Your demonic aura often causes spilled
                  | blood to erupt in flames. [demonic ancestry]
 20931 | Orc:1    | Reached XP level 15. HP: 127/127 MP: 13/13
 20955 | Orc:1    | You pick up a book of Minor Magic {forbidden} and begin
                  | reading...
 20955 | Orc:1    | You add the spells Magic Dart, Call Imp and Mephitic Cloud
                  | to your library.
 20957 | Orc:1    | You pick up a book of Minor Magic {forbidden} and begin
                  | reading...
 21160 | Orc:2    | Entered Level 2 of the Orcish Mines
 21223 | Orc:2    | Reached skill level 15 in Fighting
 21276 | Orc:2    | Received a gift from Trog
 21388 | Orc:2    | Found Vulyuj's General Store.
 21408 | Orc:2    | Bought a scroll of teleportation for 45 gold pieces
 21408 | Orc:2    | Bought 5 javelins for 60 gold pieces
 21408 | Orc:2    | Bought a potion of heal wounds for 75 gold pieces
 21470 | Orc:2    | Found Puzxicew's Distillery.
 21478 | Orc:2    | Bought a potion of invisibility for 112 gold pieces
 21478 | Orc:2    | Bought a potion of heal wounds for 70 gold pieces
 21478 | Orc:2    | Bought a potion of heal wounds for 70 gold pieces
 21478 | Orc:2    | Bought a potion of heal wounds for 70 gold pieces
 21531 | Orc:2    | Reached skill level 13 in Polearms
 21575 | Orc:2    | Noticed an orc warlord
 21590 | Orc:2    | Killed an orc warlord
 21633 | Orc:2    | Found a staircase to the Elven Halls.
 21696 | Orc:2    | Found Tatutro's Antique Weapon Boutique.
 21731 | Orc:2    | Found Unuafrim's Jewellery Boutique.
 21761 | Orc:2    | Reached ****** piety under Trog
 21842 | Orc:2    | Found Hasoveat's Antique Armour Boutique.
 22025 | Elf:1    | Entered Level 1 of the Elven Halls
 22043 | Elf:1    | Received a gift from Trog
 22462 | Elf:1    | Identified the +2 spear "Duteatat" {vorpal, Will++ rCorr
                  | Stlth+}
 22587 | Elf:1    | Reached skill level 16 in Fighting
 22897 | Elf:1    | Reached skill level 14 in Polearms
 23041 | Elf:1    | Found Ijiuch's Armour Boutique.
 23048 | Elf:1    | HP: 1/131 [deep elf zephyrmancer/bolt of lightning (39)]
 23282 | Elf:1    | Found Xabua's Weapon Shop.
 23293 | Elf:1    | Reached skill level 13 in Armour
 23320 | Elf:1    | Identified the +8 arbalest of Broken Luck {penet, rF+
                  | Will+}
 23627 | Elf:1    | You pick up a book of Decay {forbidden} and begin
                  | reading...
 23634 | Elf:1    | Received a gift from Trog
 23979 | Elf:2    | Found a runed translucent door.
 23979 | Elf:2    | Noticed jfcaron's ghost (adept GnAr)
 24066 | Elf:2    | Reached XP level 16. HP: 139/139 MP: 13/14
 24366 | Elf:2    | Reached skill level 17 in Fighting
 24739 | Elf:2    | Reached skill level 15 in Polearms
 24748 | Elf:2    | Found a runed translucent gate.
 24749 | Elf:2    | Found a runed translucent gate.
 24749 | Elf:2    | Found a runed translucent gate.
 24803 | Elf:2    | Identified the +4 glaive "Tueced" {vorpal, *Corrode rF+
                  | Will+ Dex+2} (Trog gifted it to you on level 2 of the Elven
                  | Halls)
 24803 | Elf:2    | Received a gift from Trog
 25085 | Elf:2    | Paralysed by an air elemental for 1 turns
 25187 | Elf:3    | Entered Level 3 of the Elven Halls
 25551 | Elf:3    | HP: 34/141 [deep elf zephyrmancer/bolt of lightning (30)]
 25552 | Elf:3    | HP: 12/141 [deep elf zephyrmancer/bolt of lightning (23)]
 25919 | Elf:3    | Found Exeharov's Assorted Antiques.
 25967 | Elf:3    | Noticed a deep elf blademaster
 25981 | Elf:3    | Killed a deep elf blademaster
 25984 | Elf:3    | Noticed an Executioner
 25997 | Elf:3    | Noticed a deep elf master archer
 25997 | Elf:3    | Noticed a deep elf master archer
 25997 | Elf:3    | Noticed a deep elf blademaster
 26001 | Elf:3    | Noticed an Ice Fiend
 26002 | Elf:3    | Noticed an Executioner
 26005 | Elf:3    | Noticed a Tzitzimitl
 26014 | Elf:3    | HP: 27/141 [???[a deep elf demonologist] (24)]
 26652 | Elf:3    | HP: 32/141 [deep elf annihilator/iron shot (40)]
 26657 | Elf:3    | HP: 38/211 [poisoned by a deep elf annihilator (poison
                  | arrow)]
 26657 | Elf:3    | HP: 17/211 [deep elf master archer/arrow (21)]
 26661 | Elf:3    | HP: 2/211 [deep elf master archer/arrow (10)]
 26662 | Elf:3    | Killed a deep elf master archer
 26668 | Elf:3    | HP: 26/141 [deep elf blademaster/+0 rapier (8)]
 27076 | Elf:3    | Identified the +5 morningstar "Jaczyxib" {antimagic, Str+4}
 27076 | Elf:3    | Identified the +2 leather armour "Xeitsa" {Rampage Int+5
                  | Dex-5}
 27079 | Elf:3    | Noticed a Tzitzimitl
 27083 | Elf:3    | Killed a deep elf blademaster
 27085 | Elf:3    | Noticed a Brimstone Fiend
 27089 | Elf:3    | Noticed a Brimstone Fiend
 27095 | Elf:3    | HP: 20/141 [???[a deep elf demonologist] (18)]
 27099 | Elf:3    | Killed a deep elf master archer
 27100 | Elf:3    | HP: 13/211 [???[a deep elf demonologist] (10)]
 27100 | Elf:3    | Noticed a Tzitzimitl
 27106 | Elf:3    | HP: 11/211 [???[a deep elf demonologist] (8)]
 27108 | Elf:3    | HP: 1/207 [Tzitzimitl/bolt of negative energy[a deep elf
                  | demonologist] (11)]
 27114 | Elf:3    | HP: 23/138 [???[a deep elf demonologist] (20)]
 27589 | D:14     | Reached skill level 14 in Armour
 27606 | D:14     | Reached skill level 16 in Polearms
 27866 | D:14     | Found a burning altar of Makhleb.
 27869 | D:14     | Found an opulent altar of Gozag.
 27869 | D:14     | Found a shimmering blue altar of Sif Muna.
 27871 | D:14     | Found a shimmering altar of Xom.
 27871 | D:14     | Found a basalt altar of Yredelemnul.
 27981 | D:14     | You are cast into the Abyss!
 27981 | D:14     | Cast into level 2 of the Abyss (skeletal warrior)
 28215 | Abyss:2  | Noticed a bone dragon
 28227 | Abyss:2  | HP: 48/210 [starcursed mass/accursed screaming (10)]
 28232 | Abyss:2  | HP: 41/210 [bone dragon (2)]
 28236 | Abyss:2  | HP: 19/210 [bone dragon (18)]
 28241 | Abyss:2  | Killed a bone dragon
 28241 | Abyss:2  | HP: 4/210 [starcursed mass/accursed screaming (10)]
 28246 | Abyss:2  | HP: 33/140 [starcursed mass/accursed screaming (5)]
 28561 | Abyss:2  | Found a corrupted altar of Lugonu.
 28614 | Abyss:2  | HP: 25/140 [cyan ugly thing (17)]
 28615 | Abyss:2  | HP: 2/210 [cyan ugly thing (13)]
 28634 | Abyss:2  | Noticed a tentacled starspawn
 28638 | Abyss:2  | Killed a tentacled starspawn
 28746 | Abyss:2  | Noticed a tentacled starspawn
 28751 | Abyss:2  | Killed a tentacled starspawn
 29388 | D:14     | You pass through the gate.
 29388 | D:14     | Escaped the Abyss
 29761 | D:14     | Found a gate to the Vaults.
 30024 | D:15     | Entered Level 15 of the Dungeon
 30049 | D:15     | You pick up a book of Dreams {forbidden} and begin
                  | reading...
 30049 | D:15     | You add the spells Ensorcelled Hibernation and Spider Form
                  | to your library.
 30074 | D:15     | Reached XP level 17. HP: 149/149 MP: 15/15
 30186 | D:15     | Found an iron altar of Okawaru.
 30188 | D:15     | Noticed Jorgrun
 30197 | D:15     | Killed Jorgrun
 30377 | D:15     | Identified the +5 ring mail of Dramatic Exits {Harm}
 30775 | D:15     | Found a staircase to the Depths.
 31050 | Shoals:1 | Entered Level 1 of the Shoals
 31062 | Shoals:1 | Reached skill level 18 in Fighting
 31674 | Shoals:2 | HP: 34/149 [merfolk impaler/+4 trident of venom (4)]
 31679 | Shoals:2 | HP: 27/149 [poisoned by a merfolk impaler]
 32064 | Shoals:2 | Reached skill level 17 in Polearms
 32485 | Shoals:2 | You are sucked into a shaft and drop 1 floor!
 32605 | Shoals:3 | Acquired the +1 pair of boots of the Tired Allies {rElec}
 32646 | Shoals:3 | Found Coamul's Assorted Antiques.
 32739 | Shoals:3 | Identified the +1 ring mail of the Fuzzy Slorg {Rampage
                  | Drain Stlth+}
 33042 | Shoals:4 | Entered Level 4 of the Shoals
 33051 | Shoals:4 | Received a gift from Trog
 33074 | Shoals:4 | Got a barnacled rune of Zot
 33209 | Shoals:4 | Reached skill level 15 in Armour
 33307 | Shoals:4 | Identified the +5 dagger of Osusawk {freeze, Fly Will+}
 33489 | Shoals:4 | HP: 35/151 [faun/+0 quarterstaff[a satyr] (19)]
 33490 | Shoals:4 | HP: 16/151 [merfolk/+0 trident of venom (10)]
 33496 | Shoals:4 | HP: 24/226 [poisoned by a merfolk]
 33880 | Shoals:4 | Identified the +4 dire flail of the Old World {flame,
                  | *Corrode Int+4 Dex+3}
 33981 | Shoals:4 | Noticed a kraken
 33990 | Shoals:4 | Killed a kraken
 34457 | Shoals:4 | Received a gift from Trog
 34462 | Shoals:4 | Reached XP level 18. HP: 152/158 MP: 16/16
 34809 | Shoals:3 | Identified the +0 hat of Context {rF+}
 34866 | Shoals:3 | Found Dadghuro's Antique Weapon Shoppe.
 35364 | Orc:2    | Bought the ring of Rochiys {MP+9 Str-4 Int+6 Slay+4} for
                  | 1206 gold pieces
 35531 | Vaults:1 | Entered Level 1 of the Vaults
 35543 | Vaults:1 | Reached skill level 18 in Polearms
 35940 | Vaults:1 | HP: 53/238 [ironbound frostheart[a boggart] (16)]
 35946 | Vaults:1 | HP: 53/238 [dire elephant (11)]
 36149 | Vaults:1 | Noticed a lich
 36242 | Vaults:1 | You pick up a book of Storms {forbidden} and begin
                  | reading...
 36242 | Vaults:1 | You add the spells Summon Lightning Spire and Lightning
                  | Bolt to your library.
 36909 | Vaults:1 | Received a gift from Trog
 36920 | Vaults:1 | Reached skill level 19 in Fighting
 37274 | Vaults:2 | You are cast into the Abyss!
 37274 | Vaults:2 | Cast into level 2 of the Abyss (a wizard)
 37312 | Abyss:2  | Found a candlelit altar of Ignis.
 37717 | Abyss:3  | Noticed a lich
 37726 | Abyss:3  | Killed a lich
 37784 | Abyss:3  | Paralysed by an air elemental for 1 turns
 37837 | Vaults:2 | You pass through the gate.
 37837 | Vaults:2 | Escaped the Abyss
 38063 | Vaults:2 | Reached skill level 19 in Polearms
 38391 | Vaults:2 | Received a gift from Trog
 38664 | Vaults:2 | Reached skill level 16 in Armour
 39208 | Vaults:3 | Found Monwoel's Assorted Antiques.
 39492 | Vaults:3 | Gained mutation: Your hexes are more powerful. [demonic
                  | ancestry]
 39492 | Vaults:3 | Reached XP level 19. HP: 67/167 MP: 17/17
 39783 | Vaults:3 | Noticed a curse skull
 39791 | Vaults:3 | Identified the +8 glaive of Luxury {flame, rPois Will-
                  | rCorr Dex+3} (Trog gifted it to you on level 3 of the
                  | Vaults)
 39791 | Vaults:3 | Received a gift from Trog
 39800 | Vaults:3 | Killed a curse skull
 39979 | Vaults:3 | Found a staircase to the Crypt.
 40077 | Vaults:3 | Paralysed by a great orb of eyes for 2 turns
 40099 | Vaults:3 | HP: 20/167 [ironbound thunderhulk/bolt of lightning (28)]
 40512 | Vaults:3 | You pick up a book of Displacement {forbidden} and begin
                  | reading...
 40512 | Vaults:3 | You add the spells Lesser Beckoning, Gell's Gravitas and
                  | Teleport Other to your library.
 40708 | Vaults:3 | your +4 gold dragon scales {rare} glow green for a moment.
 40714 | Vaults:3 | Identified the +1 helmet of Delel {*Corrode Fly Regen+
                  | SInv}
 40840 | Vaults:3 | Found a portal to a secret trove of treasure.
 40848 | Vaults:3 | Identified the +11 flail of Calculation {elec, rC++ Dex+4
                  | SInv}
 40864 | Vaults:3 | This trove needs 17 scrolls of teleportation to function.
                  | Give it the items?
 40872 | Vaults:3 | Reached skill level 20 in Polearms
 40986 | Vaults:3 | Received a gift from Trog
 41297 | Vaults:4 | HP: 32/168 [orc knight/+3 war axe of freezing (12)]
 41301 | Vaults:4 | HP: 3/252 [orc warlord/+0 battleaxe (19)]
 41301 | Vaults:4 | Slain by a phantasmal warrior

Vanquished Creatures
  A bone dragon (Abyss:2)
  Jorgrun (D:15)
  2 liches
  2 deep elf blademasters (Elf:3)
  2 deep elf master archers (Elf:3)
  2 tentacled starspawn (Abyss:2)
  Gastronok (Lair:2)
  A kraken (Shoals:4)
  A frost giant (Shoals:4)
  2 orc warlords
  A balrug (Abyss:3)
  3 deep elf sorcerers
  6 vault wardens
  A curse skull (Vaults:3)
  4 deep elf elementalists (Elf:3)
  A draconian shifter (Abyss:3)
  A cacodemon (Abyss:2)
  11 ironbound thunderhulks
  A war gargoyle (Vaults:2)
  7 very ugly things
  10 ironbound preservers
  11 dire elephants
  A deep elf annihilator (Elf:3)
  A lorocyproca (Abyss:2)
  4 deep elf demonologists
  Snorg (D:11)
  A green death (Abyss:2)
  2 crystal guardians (Vaults:2)
  A blizzard demon (Abyss:2)
  An ettin (Vaults:2)
  An eidolon (Abyss:3)
  A merfolk javelineer (Shoals:4)
  2 deep elf death magi (Elf:3)
  3 yaktaur captains
  7 great orbs of eyes
  Fannar (Lair:1)
  3 merfolk impalers
  7 vault guards
  8 boulder beetles
  4 hydras
  3 merfolk avatars (Shoals:4)
  An alligator snapping turtle (Shoals:4)
  9 centaur warriors
  6 ironbound frosthearts
  2 catoblepae
  Erica (D:8)
  2 peacekeepers (Vaults:2)
  4 two-headed ogres
  5 merfolk aquamancers
  A death knight (D:15)
  17 dancing weapons
  4 satyrs
  8 death yaks
  A vampire mage (Vaults:3)
  3 hell hogs (Abyss:2)
  5 orc high priests
  Urug (Lair:2)
  7 thrashing horrors
  2 sun demons (Abyss:3)
  Nergalle (Lair:2)
  2 wretched stars
  10 deep elf knights
  A spectral death yak (Lair:6)
  A death drake (Abyss:3)
  A sixfirhy (Abyss:3)
  9 skeletal warriors
  A spectral anaconda (Lair:6)
  17 sea snakes
  A quicksilver dragon simulacrum (Abyss:3)
  Lodul (D:13)
  A glowing orange brain (Vaults:1)
  22 deep trolls
  4 deep elf archers (Elf:2)
  6 orc knights
  An obsidian statue (Lair:6)
  17 lindwurms
  Pikel (D:8)
  3 harpies
  34 deep elf pyromancers
  A phantasmal warrior (Vaults:3)
  6 necromancers
  13 ironbound convokers
  A wolf spider (D:15)
  22 deep elf zephyrmancers
  12 fauns
  A mana viper (shapeshifter) (Vaults:1)
  A manticore (shapeshifter) (D:12)
  7 orc sorcerers
  4 wizards
  26 ugly things
  12 manticores
  A salamander (shapeshifter) (D:14)
  A salamander (D:15)
  5 merfolk sirens
  8 cyclopes
  2 apocalypse crabs
  Maurice (D:13)
  An elf zombie (Vaults:1)
  4 black mambas
  A rust devil (Abyss:2)
  Joseph (Lair:1)
  6 water nymphs
  6 elephants (Lair:6)
  7 smoke demons
  6 vault sentinels
  An orange demon (Abyss:3)
  Maggie (D:6)
  15 cane toads
  2 freezing wraiths
  8 komodo dragons
  A tormentor (Abyss:2)
  24 yaktaurs
  12 merfolk
  9 hellwings
  3 rime drakes
  6 catoblepas skeletons (Abyss:3)
  6 ancient zymes (Abyss:2)
  2 meliai (shapeshifter)
  A hornet (D:5)
  13 trolls
  2 polar bears
  Grinder (D:4)
  10 blink frogs
  8 wind drakes
  34 slime creatures
  17 raiju
  4 dream sheep (Lair:6)
  7 snapping turtles
  A centaur simulacrum (D:14)
  A frost giant simulacrum (Vaults:1)
  Sigmund (D:3)
  4 air elementals
  2 vampires
  4 wraiths
  7 starcursed masses (Abyss:2)
  4 ynoxinuls
  A shadow (D:12)
  A steam dragon (D:10)
  14 water elementals
  56 yaks
  4 wyverns
  A fire elemental (Elf:2)
  20 humans (D:14)
  11 large abominations
  6 basilisks
  An elf skeleton (Vaults:1)
  9 vampire mosquitoes
  A death yak simulacrum (Lair:6)
  A neqoxec (Abyss:3)
  A spectral cane toad (Lair:6)
  A glowing shapeshifter zombie (Vaults:1)
  Edmund (D:4)
  5 wargs
  An acid dragon (D:13)
  2 nagas (Lair:4)
  A swamp drake (Orc:1)
  13 water moccasins
  44 orc warriors
  2 ice beasts
  5 black bears
  8 small abominations
  4 centaurs
  17 ogres
  5 boggarts
  3 wolves (Lair:3)
  A human skeleton (Vaults:1)
  A lemure (D:8)
  A phantom (D:6)
  4 kobold brigands
  2 gnoll sergeants
  13 scorpions
  11 bullfrogs
  10 earth elementals
  3 cane toad simulacra (Lair:6)
  2 necrophages
  12 wights
  3 killer bees (D:8)
  6 electric eels (D:15)
  2 crimson imps
  A quasit (Abyss:2)
  3 jellies
  4 hounds
  15 orc priests
  2 gnoll shamans (D:7)
  2 iron imps
  20 orc wizards
  Terence (D:3)
  2 iguanas
  4 hell rats (Lair:5)
  13 mummies (Ossuary)
  Robin (D:3)
  19 gnolls
  12 adders
  2 shadow imps
  3 white imps
  4 ufetubi
  4 worms
  A dart slug (D:3)
  69 orcs
  8 bats
  4 endoplasms
  4 giant cockroaches
  18 goblins
  11 hobgoblins
  4 jackals (D:3)
  2 quokkas
  3 ball pythons
  2 frilled lizards
  3 gnoll skeletons (Ossuary)
  3 goblin skeletons (Ossuary)
  23 kobolds
  2 orc skeletons (Ossuary)
  9 rats
  11 rat skeletons (Ossuary)
  A butterfly (Lair:6)
  A tentacle (Shoals:4)
1305 creatures vanquished.

Vanquished Creatures (collateral kills)
  A boulder beetle (D:13)
  Sonja (D:13)
  An orange crystal statue (Elf:2)
  A deep elf archer (Elf:1)
  A deep elf pyromancer (Elf:1)
  A deep elf zephyrmancer (Elf:1)
  A torpor snail (Lair:4)
  2 fire elementals
  A vampire mosquito (D:13)
10 creatures vanquished.

Vanquished Creatures (others)
  A deep elf demonologist (Elf:3)
  A deep elf knight (Elf:3)
  A wizard (Vaults:3)
  A vault sentinel (Vaults:3)
  A water elemental (Elf:3)
  A boggart (Vaults:2)
  An orc priest (Orc:2)
  An orc wizard (Orc:1)
  An orc (D:8)
  90 fungi
  A lurking horror (Abyss:3)
  93 plants
  4 starspawn tentacles (Abyss:2)
  6 tentacles (Shoals:4)
  18 withered plants (Lair:6)
221 creatures vanquished.

Grand Total: 1536 creatures vanquished

Table legend:
 A = Non-vault XP
 B = Vault XP
 C = Vault XP percentage of total XP
 D = Non-vault monster count
 E = Vault monster count
 F = Vault count percentage of total count
                 A         B        C        D         E       F
            +---------+---------+-------+---------+---------+-------
      Total |  234699 |  192529 |  45.1 |     860 |     454 |  34.6
            +---------+---------+-------+---------+---------+-------
        D:1 |      21 |       0 |   0.0 |      14 |       0 |   0.0
        D:2 |      45 |       0 |   0.0 |      13 |       0 |   0.0
        D:3 |     109 |     309 |  73.9 |      21 |      21 |  50.0
        D:4 |     127 |     963 |  88.3 |      10 |      17 |  63.0
        D:5 |    1301 |       0 |   0.0 |      21 |       0 |   0.0
        D:6 |    1093 |     395 |  26.5 |      19 |       1 |   5.0
        D:7 |     867 |     876 |  50.3 |       7 |      17 |  70.8
        D:8 |    1163 |    1479 |  56.0 |      36 |       2 |   5.3
        D:9 |    3778 |       0 |   0.0 |      26 |       0 |   0.0
       D:10 |    2366 |     466 |  16.5 |      19 |       4 |  17.4
       D:11 |    2774 |     990 |  26.3 |      16 |       1 |   5.9
       D:12 |    7533 |       0 |   0.0 |      23 |       0 |   0.0
       D:13 |   11946 |    2696 |  18.4 |      29 |       9 |  23.7
       D:14 |   10253 |    7223 |  41.3 |      19 |      25 |  56.8
       D:15 |   12623 |    3994 |  24.0 |      33 |       4 |  10.8
     Lair:1 |    2610 |    1354 |  34.2 |      12 |       2 |  14.3
     Lair:2 |    8474 |    3084 |  26.7 |      37 |       3 |   7.5
     Lair:3 |    1436 |     238 |  14.2 |       7 |       1 |  12.5
     Lair:4 |    6313 |     313 |   4.7 |      18 |       2 |  10.0
     Lair:5 |    4490 |    1249 |  21.8 |      22 |       6 |  21.4
     Lair:6 |   13459 |   14672 |  52.2 |      29 |      29 |  50.0
   Shoals:1 |    8896 |       0 |   0.0 |      18 |       0 |   0.0
   Shoals:2 |    9720 |    3960 |  28.9 |      17 |       8 |  32.0
   Shoals:3 |    5258 |       0 |   0.0 |      11 |       0 |   0.0
   Shoals:4 |   14453 |   16216 |  52.9 |      28 |      27 |  49.1
      Orc:1 |    3386 |    1512 |  30.9 |      56 |      16 |  22.2
      Orc:2 |    3939 |   12270 |  75.7 |      26 |      39 |  60.0
      Elf:1 |   10699 |   13960 |  56.6 |      20 |      21 |  51.2
      Elf:2 |   20964 |    7845 |  27.2 |      34 |      11 |  24.4
      Elf:3 |    8453 |   15320 |  64.4 |      17 |      16 |  48.5
   Vaults:1 |   22300 |   12263 |  35.5 |      35 |      16 |  31.4
   Vaults:2 |   19323 |   24609 |  56.0 |      26 |      36 |  58.1
   Vaults:3 |   10264 |   42052 |  80.4 |      13 |      62 |  82.7
   Vaults:4 |    4263 |    1969 |  31.6 |       6 |       2 |  25.0
    Abyss:2 |       0 |       0 |   N/A |      76 |       2 |   2.6
    Abyss:3 |       0 |       0 |   N/A |      46 |      22 |  32.4
    Ossuary |       0 |     252 | 100.0 |       0 |      32 | 100.0
            +---------+---------+-------+---------+---------+-------

Illustrated notes

Table legend:
 A = Kills in this place as a percentage of kills in entire the game.
 B = Kills by you in this place as a percentage of kills by you in the entire game.
 C = Kills by friends in this place as a percentage of kills by friends in the entire game.
 D = Other kills in this place as a percentage of other kills in the entire game.
 E = Experience gained in this place as a percentage of experience gained in the entire game.
 F = Experience gained in this place divided by the number of levels of this place that you have seen.
                   A       B       C       D       E      F
               +-------+-------+-------+-------+-------+----------------------
         Total | 100.0 | 100.0 | 100.0 | 100.0 | 100.0 | 10954.6
       Dungeon |  31.0 |  31.0 |  30.0 |   0.0 |  17.6 | 5026.0
          Lair |  12.8 |  12.8 |  10.0 |   0.0 |  13.5 | 9615.3
        Shoals |   8.3 |   8.4 |   0.0 |   0.0 |  13.7 | 14625.8
  Orcish Mines |  10.4 |  10.5 |   0.0 |   0.0 |   4.9 | 10553.5
   Elven Halls |   9.1 |   8.7 |  60.0 |   0.0 |  18.1 | 25747.0
        Vaults |  14.9 |  14.9 |   0.0 | 100.0 |  32.1 | 34260.8
         Abyss |  11.1 |  11.2 |   0.0 |   0.0 |   0.0 |   0.0
       Ossuary |   2.4 |   2.5 |   0.0 |   0.0 |   0.1 | 252.0
               +-------+-------+-------+-------+-------+----------------------

Table legend: (Time is in decaauts)
 A = Elapsed time spent in this place.
 B = Non-inter-level travel time spent in this place.
 C = Inter-level travel time spent in this place.
 D = Time resting spent in this place.
 E = Time spent auto-exploring this place.
 F = Levels seen in this place.
 G = Mean time per level.
                   A        B        C        D        E       F      G
               +--------+--------+--------+--------+--------+-----+--------+
         Total |  41759 |  39839 |   1920 |   3981 |  28879 |  39 | 1070.7 |
       Dungeon |  15117 |  14157 |    960 |    609 |  11119 |  15 | 1007.8 |
          Lair |   8020 |   7702 |    318 |    806 |   5908 |   6 | 1336.7 |
        Shoals |   4139 |   3986 |    153 |    713 |   2630 |   4 | 1034.8 |
  Orcish Mines |   1564 |   1451 |    113 |     24 |    954 |   2 |  782.0 |
   Elven Halls |   5389 |   5097 |    292 |   1296 |   3067 |   3 | 1796.3 |
        Vaults |   5209 |   5128 |     81 |    343 |   3962 |   4 | 1302.2 |
         Abyss |   1983 |   1983 |      0 |    186 |   1069 |   4 |  495.8 |
       Ossuary |    336 |    336 |      0 |      0 |    169 |   1 |  336.0 |
               +--------+--------+--------+--------+--------+-----+--------+

Top non-repeatable levels by time:
   Elf:2: 2473 daAuts
  Lair:6: 2344 daAuts
Vaults:3: 1969 daAuts
   Elf:1: 1755 daAuts
Shoals:4: 1714 daAuts
Vaults:2: 1605 daAuts
  Lair:1: 1525 daAuts
Vaults:1: 1516 daAuts
 Abyss:2: 1340 daAuts
    D:10: 1294 daAuts
    D:12: 1276 daAuts
  Lair:2: 1215 daAuts
    D:14: 1203 daAuts
   Elf:3: 1159 daAuts
     D:6: 1114 daAuts
